 Dungeon Crawl Stone Soup version 0.31-a0-188-g5e087ee2ca (webtiles) character file.

Game seed: 11731813282913070812

355 qw the Skirmisher (level 6, 0/35 HPs)
             Began as a Deep Elf Hunter on June 23, 2023.
             Slain by a black bear (4 damage)
             ... on level 4 of the Dungeon.
             The game lasted 00:00:50 (1969 turns).

qw the Skirmisher (Deep Elf Hunter)                 Turns: 1969, Time: 00:00:51

Health: 0/35       AC:  6    Str: 10    XL:     6   Next: 36%
Magic:  0/8        EV: 11    Int: 14    God:
Gold:   147        SH:  0    Dex: 18    Spells: 5/5 levels left

rFire   . . .        b - +0 shortbow (heavy)
rCold   . . .        (shield currently unavailable)
rNeg    . . .        d - +0 ring mail
rPois   .            (no helmet)
rElec   .            f - +0 cloak
rCorr   .            (no gloves)
SInv    .            (no boots)
Will    .....        i - amulet of guardian spirit
Stlth   +            (no ring)
HPRegen 0.25/turn    (no ring)
MPRegen 0.11/turn

%: guardian spirit
@: no status effects
A: no striking features
a: no special abilities


You were on level 4 of the Dungeon.
You visited 1 branch of the dungeon, and saw 4 of its levels.

You collected 147 gold pieces.


   Skills:
 + Level 1.9 Fighting
 - Level 10.0 Ranged Weapons
 - Level 2.4 Dodging
 - Level 1.2 Stealth


You had 5 spell levels left.
You didn't know any spells.
Your spell library was empty.

Inventory:

Hand Weapons
 b - a +0 heavy shortbow (weapon)
Armour
 d - a +0 ring mail (worn)
 f - a +0 cloak (worn)
 g - a +0 helmet
Jewellery
 i - an amulet of guardian spirit (around neck)
Scrolls
 a - a scroll of identify
 j - a scroll of fog {unknown}
Potions
 c - a potion of might
 e - a potion of heal wounds {unknown}
 h - a potion of curing {unknown}

Dungeon Overview and Level Annotations

Branches:
Dungeon (4/15)
 Temple: D:4-7

Altars:
Xom

Shops:
D:1 [

Annotations:
D:3 2 runed translucent doors, qw's ghost, amateur DEHu
D:4 Eustachio


Message History

Eustachio casts a spell.
The teleport trap disappears.
The rat disappears!
The quokka bites you but does no damage.
Eustachio screams, "This atrocity can only be purified with blood!"
Eustachio hits you but does no damage.
The black bear bites you but does no damage.
The black bear closely misses you. The black bear misses you.
You shoot an arrow. The arrow closely misses Eustachio.
The quokka bites you but does no damage.
Eustachio gestures wildly while chanting.
Eustachio blinks!
The black bear barely misses you.
The black bear claws you but does no damage.
The black bear closely misses you. The quokka barely misses you.
The black bear misses you. x2; The black bear claws you.
You shoot an arrow. The arrow hits Eustachio.
Eustachio is almost dead.
The quokka closely misses you.
Eustachio mumbles some strange words.
Eustachio blinks!
The black bear bites you.
The black bear claws you but does no damage. x2
The iron imp hits you. The quokka closely misses you.
You shoot an arrow.
The arrow hits the black bear but does no damage.
The quokka closely misses you.
Eustachio gestures wildly while chanting.
Eustachio blinks!
The black bear bites you.
The black bear claws you but does no damage.
The black bear barely misses you. The iron imp hits you.
The teleport trap disappears.
The crimson imp disappears!
The quokka misses you. The black bear bites you. The black bear claws you.
The black bear closely misses you.
You shoot an arrow. The arrow hits the black bear!
The black bear is heavily wounded.
The quokka bites you but does no damage.
The iron imp hits you! The black bear closely misses you.
The black bear claws you but does no damage. x2
You shoot an arrow. The arrow barely misses the black bear.
The quokka bites you but does no damage.
The black bear bites you.
You die...

#####.........#.###
#..[#...........# #
#.#...........#.# #
#...#.....##.##.###
#.##.##.....##.##....
#........#####.######
####.##### ##+# #.#
##...## #@# ##.....##
#.@5rh# ##.......##
#.=....5... #.........##
.....^_^.<..+....)....'.
#.##.^^^$####..)......##
# #..ยค..# #.)>....##
##....# ##.....## ##.#.#
##...## ##)##


You could see Eustachio, a black bear, an iron imp (summoned), a shadow imp
(summoned) and a quokka (summoned).

Vanquished Creatures
  Sigmund (D:3)
  Ijyb (D:3)
  2 hound skeletons (D:3)
  Robin (D:4)
  4 adders
  An adder skeleton (D:3)
  A worm (D:2)
  2 orcs (D:3)
  5 endoplasms
  16 goblins
  12 hobgoblins
  8 jackals
  2 kobolds
  3 quokkas
  4 ball pythons
  A ball python skeleton (D:3)
  6 bats
  2 frilled lizards
  5 rats
77 creatures vanquished.

Notes
Turn   | Place    | Note
-------+----------+-------------------------------------------
     0 | D:1      | qw the Deep Elf Hunter began the quest for the Orb.
     0 | D:1      | Reached XP level 1. HP: 12/12 MP: 3/3
     0 | D:1      | 0 ||| qw: Version: 0.3-a-9-g12657ce
     0 | D:1      | 0 ||| qw: Game counter: 3076
     0 | D:1      | 0 ||| qw: Always use a shield: true
     0 | D:1      | 0 ||| qw: God list: Okawaru
     0 | D:1      | 0 ||| qw: Allow faded altars: false
     0 | D:1      | 0 ||| qw: Do Orc after D:15 true
     0 | D:1      | 0 ||| qw: Do second Lair branch before Depths: true
     0 | D:1      | 0 ||| qw: Lair rune preference: random
     0 | D:1      | 0 ||| qw: Plans: Normal
     0 | D:1      | 0 ||| PLANNING D:1-11
   123 | D:1      | Reached skill level 6 in Ranged Weapons
   123 | D:1      | Reached XP level 2. HP: 16/16 MP: 4/4
   450 | D:1      | Found Mapseqoe's Armour Shop.
   466 | D:1      | 466 ||| SHOPLISTING +2 ring mail of fire resistance (231
                  | gold, have 69).
   518 | D:1      | 518 ||| UPGRADING to +0 ring mail.
   528 | D:1      | 528 ||| DROPPING +0 leather armour.
   529 | D:1      | 529 ||| UPGRADING to +0 cloak.
   534 | D:1      | 534 ||| READING 2 scrolls labelled BAMNOSTUUDY.
   535 | D:1      | 535 ||| READING scroll labelled GOGGIO APSAUSCH.
   536 | D:1      | 536 ||| DROPPING scroll of butterflies.
   553 | D:2      | Found a shimmering altar of Xom.
   665 | D:2      | Reached XP level 3. HP: 7/20 MP: 5/5
   780 | D:2      | Reached skill level 7 in Ranged Weapons
  1174 | D:2      | 1174 ||| READING 3 scrolls of identify.
  1174 | D:2      | 1174 ||| IDENTIFYING lumpy white potion
  1175 | D:2      | 1175 ||| READING 2 scrolls of identify.
  1175 | D:2      | 1175 ||| IDENTIFYING viscous emerald potion
  1176 | D:2      | 1176 ||| DROPPING potion of attraction.
  1198 | D:3      | 1198 ||| STAIRDANCE
  1201 | D:2      | Reached XP level 4. HP: 15/25 MP: 6/6
  1284 | D:3      | Found a runed translucent door.
  1297 | D:3      | Reached skill level 8 in Ranged Weapons
  1299 | D:3      | Identified the +0 robe "Epugun" {Dex+3}
  1299 | D:3      | Noticed Ijyb
  1307 | D:3      | Killed Ijyb
  1308 | D:3      | Reached XP level 5. HP: 21/29 MP: 7/7
  1460 | D:3      | Found a runed translucent door.
  1464 | D:3      | Noticed qw's ghost (amateur DEHu)
  1645 | D:3      | Noticed Sigmund
  1654 | D:3      | Killed Sigmund
  1655 | D:3      | Reached skill level 10 in Ranged Weapons
  1655 | D:3      | Reached XP level 6. HP: 19/34 MP: 8/8
  1786 | D:3      | 1786 ||| DROPPING +0 robe "Epugun" {Dex+3}.
  1787 | D:3      | 1787 ||| UPGRADING to amulet of guardian spirit.
  1792 | D:3      | 1792 ||| READING 2 scrolls labelled BOARUN RINURI.
  1793 | D:3      | 1793 ||| READING scroll labelled HOHEME XEDGHUKK.
  1794 | D:3      | 1794 ||| READING scroll labelled QUNEMN ZIDES RYA.
  1795 | D:3      | 1795 ||| READING scroll labelled JARAZ XIWKEC.
  1796 | D:3      | 1796 ||| DROPPING scroll of fear.
  1819 | D:4      | Noticed Robin
  1839 | D:4      | Killed Robin
  1956 | D:4      | Found a shimmering altar of Xom.
  1960 | D:4      | Noticed Eustachio
  1968 | D:4      | HP: 4/35 [iron imp[Eustachio] (6)]
  1969 | D:4      | Slain by a black bear

Levels and vault maps discovered:
D:1:      minmay_arrival_split_and_join, layout_rooms, serial_forest,
          infiniplex_forest_lined_room_, infiniplex_forest_clump_small,
          infiniplex_forest_clump_small, infiniplex_forest_lined_2,
          infiniplex_forest_clump_double, infiniplex_forest_zigzag_2,
          infiniplex_forest_end_2, infiniplex_forest_end_1, serial_shops,
          nicolae_shop_temple_entry_statues_fountains, kennysheep_minor_cross
D:2:      layout_basic, basic_altar
D:3:      layout_rooms, serial_undead, serial_undead_b, serial_undead_f,
          serial_undead_b, serial_undead_b, ebering_ghost_sewer_f, uniq_ijyb,
          uniq_sigmund
D:4:      layout_loops_corners, xom_teletrap_fun, uniq_robin, uniq_eustachio

Skill      XL: |  1  2  3  4  5 |
---------------+----------------+-----
Ranged Weapons | 6 7 8 10 | 10.0
Fighting       | |  1.9
Dodging        | |  2.4
Stealth        | |  1.2

Action                     |  1- 3 |  4- 6 || total
---------------------------+-------+-------++-------
   Fire: Shortbow          |    75 |    95 ||   170
    Use: Scroll            |     4 |     4 ||     8
 Armour: Ring mail         |    22 |    44 ||    66
  Dodge: Dodged            |    23 |    63 ||    86

Table legend:
 A = Non-vault XP
 B = Vault XP
 C = Vault XP percentage of total XP
 D = Non-vault monster count
 E = Vault monster count
 F = Vault count percentage of total count
                 A         B        C        D         E       F
            +---------+---------+-------+---------+---------+-------
      Total |     154 |     354 |  69.7 |      59 |      18 |  23.4
            +---------+---------+-------+---------+---------+-------
        D:1 |      27 |       0 |   0.0 |      16 |       0 |   0.0
        D:2 |      69 |       0 |   0.0 |      24 |       0 |   0.0
        D:3 |      57 |     319 |  84.8 |      18 |       6 |  25.0
        D:4 |       1 |      35 |  97.2 |       1 |      12 |  92.3
            +---------+---------+-------+---------+---------+-------
